 Dungeon Crawl Stone Soup version 0.28.0 (webtiles) character file.

Game seed: 3513592524422385284

41 RighteousDevil the Conjurer (level 3, 0/24 (30) HPs)
             Began as a Tengu Conjurer on Feb 10, 2022.
             Was a Follower of Wu Jian.
             Slain by Terence (2 damage)
             ... on level 2 of the Dungeon.
             The game lasted 00:02:43 (1683 turns).

RighteousDevil the Conjurer (Tengu Conjurer)        Turns: 1683, Time: 00:02:44

HP:   0/24 (30)     AC: 21    Str:  6 (9)  XL:     3   Next: 52%
MP:   2/7           EV:  2    Int: 16 (18) God:    Wu Jian [*.....]
Gold: 74            SH:  0    Dex:  9 (12) Spells: 3/6 levels left

rFire   . . .      SeeInvis .   d - +0 dagger
rCold   . . .      Faith    .   (no shield)
rNeg    . . .      Spirit   .   (armour currently unavailable)
rPois   +          Reflect  .   (helmet currently unavailable)
rElec   .          Harm     .   (cloak currently unavailable)
rCorr   .          Rampage  .   (gloves currently unavailable)
Will    .....      NoTele   +   (boots unavailable)
Stlth   ++........              (no amulet)
HPRegen 0.08/turn               (no ring)
MPRegen 0.10/turn               (no ring)

@: tree-form, heavily drained
A: stationary, stasis, torment immunity, boosted hp, (beak), (talons 3)
a: Renounce Religion


You were on level 2 of the Dungeon.
You worshipped Wu Jian.
Wu Jian was aware of your devotion.
You were a tree.
You visited 1 branch of the dungeon, and saw 2 of its levels.

You collected 74 gold pieces.

Inventory:

Hand Weapons
 d - a +0 dagger (weapon)
Armour
 a - a +0 robe (melded)
 b - a +0 cloak (melded)
Jewellery
 h - a ring of magical power
Potions
 c - a potion of curing {unknown}
 f - a potion of haste {unknown}
 g - a potion of degeneration


   Skills:
 + Level 1.5 Fighting
 + Level 3.0 Dodging
 - Level 2.0 Stealth
 - Level 2.0 Spellcasting
 + Level 5.8 Conjurations


You had 3 spell levels left.
You knew the following spells:

 Your Spells              Type           Power      Damage    Failure   Level
a - Magic Dart            Conj           80%        1d7       1%          1
b - Searing Ray           Conj           40%        2d5       2%          2

Your spell library contained the following spells:

 Spells                   Type           Power      Damage    Failure   Level
 Dazzling Flash           Conj/Hex       22%        N/A       19%         3
 Fulminant Prism          Conj/Hex       5%         3d7       52%         4
 Iskenderun's Mystic Bla  Conj/Tloc      11%        2d4       52%         4


Dungeon Overview and Level Annotations

Branches:
Dungeon (2/15)

Altars:
Qazlal
Wu Jian

Annotations:
D:2 Terence


Innate Abilities, Weirdness & Mutations

You are a tree.
Your roots penetrate the ground, keeping you stationary.
You cannot be teleported.
You are immune to unholy pain and torment.
Your maximum health is greatly increased.
Your equipment is partially melded.
((You have a beak for a mouth.))
((You have claws for feet.))


Message History

Aim: Terence, wielding a +1 flail of draining and wearing a +0 chain mail (84% to hit)
Okay, then.
The searing ray hits Terence.
Terence is lightly wounded.
The searing ray hits Terence but does no damage.
Terence is lightly wounded.
The searing ray hits Terence but does no damage.
Terence is lightly wounded.
You finish channelling your searing ray.
Terence hits you with a +1 flail of draining!
You feel drained.
Unknown command.
As you read the scroll labelled QUPSEZ GUQIER, it crumbles to dust.
You speak a Word of immense power!
It was a scroll of holy word.
Terence closely misses you.
Unknown command.
You aren't carrying any scrolls.
It was a potion of degeneration.
There was something very wrong with that liquid.
You feel weakened.
You feel dopey.
You feel clumsy. Terence completely misses you.
It was a potion of lignification.
You turn into a tree.
Your +0 cloak melds into your body.
Your +0 robe melds into your body.
Your roots penetrate the ground.
Terence hits you with a +1 flail of draining.
You feel drained.
* * * LOW HITPOINT WARNING * * *
Aiming: Searing Ray (safe; 2% risk of failure)
Press: ? - help, Q - select action, (/) - cycle Shift-Dir - straight line, f/p - Terence
Aim: Terence, wielding a +1 flail of draining and wearing a +0 chain mail (lightly wounded, 84% to hit)
Okay, then.
You hit Terence but do no damage.
Terence is lightly wounded.
Terence hits you but does no damage.
You feel drained.
You barely miss Terence. You punch Terence, but do no damage.
Terence is lightly wounded.
Terence hits you with a +1 flail of draining.
* * * LOW HITPOINT WARNING * * *
You feel drained.
You die...

......... #.#.# .
......... . .... . ... #
...... .#.#.#.#. ###..$
......
.......###....#####....
#.#.#......#..........
.........#.......#...
.#.#.#..###......##.#...
......@♣..........#.##..
#.#.#........._.........
.......###......###.#..
........# #......# #....
........# #...#### #####
........# #####
#########


You could see Terence.

Vanquished Creatures
  2 worms (D:2)
  A dart slug (D:1)
  2 ball pythons (D:1)
  6 bats
  An endoplasm (D:1)
  2 giant cockroaches
  6 goblins
  4 hobgoblins
  A frilled lizard (D:2)
  2 kobolds (D:2)
  4 rats
31 creatures vanquished.

Notes
Turn   | Place    | Note
-------+----------+-------------------------------------------
     0 | D:1      | RighteousDevil the Tengu Conjurer began the quest for the
                  | Orb.
     0 | D:1      | Reached XP level 1. HP: 10/10 MP: 4/4
   179 | D:1      | Reached XP level 2. HP: 9/16 MP: 0/6
   530 | D:1      | Reached skill level 1 in Fighting
   967 | D:2      | Found a faded altar of an unknown god.
   969 | D:2      | Prayed at the altar of an unknown god.
   969 | D:2      | Became a worshipper of the Wu Jian Council
   969 | D:2      | Reached * piety under Wu Jian
   984 | D:2      | Reached XP level 3. HP: 15/20 MP: 7/7
  1528 | D:2      | Learned a level 2 spell: Searing Ray
  1658 | D:2      | Found a stormy altar of Qazlal.
  1670 | D:2      | Noticed Terence
  1683 | D:2      | Slain by Terence

Illustrated notes

Levels and vault maps discovered:
D:1:      dpeg_cavernosity, layout_rooms, minmay_misc_feat_diagonals,
          minmay_misc_feat_pillars
D:2:      layout_rooms, basic_altar, chequers_ecumenical_altar_twisty,
          hex_medium, uniq_terence

Skill      XL: |  1  2  3 |
---------------+----------+-----
Fighting       | 1 |  1.5
Dodging        | 3 |  3.0
Stealth        | |  2.0
Spellcasting   | |  2.0
Conjurations   | |  5.8

Action                   || total
-------------------------++-------
Melee: Unarmed           ||     1
       Dagger            ||    48
       Kick              ||    15
       Peck              ||    13
       Punch             ||     2
 Cast: Magic Dart        ||    35
       Searing Ray       ||     2
Invok: Lunge             ||     9
       Whirlwind         ||     1
  Use: Potion            ||     2
       Scroll            ||     1
 Stab: Sleeping          ||     2
Armor: Robe              ||    24
       Skin              ||     1
Dodge: Dodged            ||    26
